 Dungeon Crawl Stone Soup version 0.31-a0-365-gcf821cafb2 (webtiles) character file.

Game seed: 12827354968327020842

83 porpoise the Shooter (level 4, -4/28 HPs)
             Began as a Kobold Hunter on July 28, 2023.
             Slain by Crazy Yiuf
             ... wielding a +4 quarterstaff of chaos
              (9 damage)
             ... on level 2 of the Dungeon.
             The game lasted 00:03:18 (1389 turns).

porpoise the Shooter (Kobold Hunter)                Turns: 1389, Time: 00:03:19

Health: -4/28      AC:  3    Str:  8    XL:     4   Next: 71%
Magic:  4/4        EV: 14    Int: 10    God:
Gold:   33         SH:  0    Dex: 20    Spells: 3/3 levels left

rFire   . . .        a - +0 shortbow
rCold   . . .        (shield currently unavailable)
rNeg    . . .        c - +0 leather armour
rPois   .            (no helmet)
rElec   .            (no cloak)
rCorr   .            (no gloves)
SInv    .            (no boots)
Will    .....        (no amulet)
Stlth   +++          (no ring)
HPRegen 0.24/turn    (no ring)
MPRegen 0.09/turn

%: no passive effects
@: no status effects
A: small, no large weapons, nightstalker 3
a: no special abilities


You were on level 2 of the Dungeon.
You visited 1 branch of the dungeon, and saw 2 of its levels.

You collected 61 gold pieces.
You spent 28 gold pieces at shops.

Inventory:

Hand Weapons
 a - a +0 shortbow (weapon)
Armour
 c - a +0 leather armour (worn)
Jewellery
 j - an amulet of faith
Scrolls
 b - a scroll of butterflies
 d - a scroll of vulnerability {unknown}
 f - a scroll of amnesia {unknown}
 g - a scroll of revelation {unknown}
 k - a scroll of teleportation {unknown}
Potions
 e - a potion of curing


   Skills:
 + Level 3.3 Fighting
 * Level 6.9 Ranged Weapons
 - Level 2.4 Dodging
 - Level 1.3 Stealth


You had 3 spell levels left.
You didn't know any spells.
Your spell library contained the following spells:

 Spells                   Type           Power      Damage    Failure   Level
 Apportation              Tloc           0%         N/A       50%         1
 Alistair's Intoxication  Tmut/Pois      0%         N/A       100%        5


Dungeon Overview and Level Annotations

Branches:
Dungeon (2/15)

Altars:
Xom

Shops:
D:2 ?

Annotations:
D:2 Crazy Yiuf


Innate Abilities, Weirdness & Mutations

You are small and have problems with some larger weapons.
You are completely attuned to the shadows.


Message History

Found a stone staircase leading down.
You see here 5 stones.
There is a stone staircase leading down here.
A hobgoblin comes into view.
Found 10 gold pieces.
You shoot an arrow.
The arrow hits the hobgoblin but does no damage.
The hobgoblin shouts!
You shoot an arrow.
The arrow hits the hobgoblin but does no damage.
You shoot an arrow. The arrow hits the hobgoblin.
The hobgoblin is moderately wounded.
The hobgoblin hits you but does no damage.
You shoot an arrow. The arrow hits the hobgoblin.
The hobgoblin is severely wounded.
The hobgoblin hits you.
You shoot an arrow. The arrow hits the hobgoblin.
You kill the hobgoblin!
No target in view!
You now have 33 gold pieces (gained 10).
Found a stone staircase leading up.
Found a runed translucent door.
Found a hammer.
Crazy Yiuf shouts!
You open the door. You shoot an arrow. The arrow hits Crazy Yiuf.
Crazy Yiuf is lightly wounded.
You shoot an arrow. The arrow barely misses Crazy Yiuf.
Crazy Yiuf hits you with a +4 quarterstaff of chaos!
Crazy Yiuf freezes you.
You shoot an arrow. The arrow hits Crazy Yiuf!
Crazy Yiuf is severely wounded.
Crazy Yiuf hits you with a +4 quarterstaff of chaos!
* * * LOW HITPOINT WARNING * * *
Crazy Yiuf freezes you.
* * * LOW HITPOINT WARNING * * *
You shoot an arrow. The arrow closely misses Crazy Yiuf.
Crazy Yiuf yells, "Powder canine tired!"
Crazy Yiuf hits you with a +4 quarterstaff of chaos!
You die...

######### #........
♣♣♣♣♣########## ##
♣♣♣.♣...### #.
...#♣..♣......## #.
...g@♣♣♣♣♣.....# #. )..#♣♣
♣..#..#####. ### ##
♣♣##......#. ..# #...##.#.
..######## #.#.##.#.
.........# ### ####.#.##.#.
..####.### #.# #..#.#.##.#.
..#
#...########.####..#.#.##.#.
..#
###..........<........).....


You could see Crazy Yiuf.

Vanquished Creatures
  Natasha (D:2)
  5 dart slugs (D:1)
  4 bats
  2 giant cockroaches
  7 goblins
  7 hobgoblins
  A quokka (D:1)
  8 ball pythons
  3 frilled lizards
  3 kobolds (D:1)
  4 rats (D:1)
45 creatures vanquished.

Notes
Turn   | Place    | Note
-------+----------+-------------------------------------------
     0 | D:1      | porpoise the Kobold Hunter began the quest for the Orb.
     0 | D:1      | Reached XP level 1. HP: 12/12 MP: 1/1
    88 | D:1      | Reached XP level 2. HP: 18/18 MP: 2/2
   164 | D:1      | Reached skill level 6 in Ranged Weapons
   231 | D:1      | Reached XP level 3. HP: 22/22 MP: 3/3
   877 | D:2      | Reached XP level 4. HP: 26/28 MP: 4/4
   951 | D:2      | Found a shimmering altar of Xom.
  1035 | D:2      | Noticed Natasha
  1039 | D:2      | Killed Natasha
  1142 | D:2      | Found Ricom Gurr's Magic Scroll Shoppe.
  1147 | D:2      | Bought a scroll of identify for 28 gold pieces
  1381 | D:2      | Found a runed translucent door.
  1384 | D:2      | Noticed Crazy Yiuf
  1389 | D:2      | Slain by Crazy Yiuf

Illustrated notes

Levels and vault maps discovered:
D:1:      spicycebolla_arrival_xxxplode, layout_basic
D:2:      minmay_angry_zag, layout_basic, basic_altar, serial_shops, shop,
          fountainhead, chequers_serial_rivers_marsh, serial_park_tiny_1,
          minivault_14, uniq_crazy_yiuf_cottage, uniq_natasha

Skill      XL: |  1  2  3 |
---------------+----------+-----
Ranged Weapons | 6 |  6.9
Fighting       | 3 |  3.3
Dodging        | |  2.4
Stealth        | |  1.3

Action                     |  1- 3 |  4- 6 || total
---------------------------+-------+-------++-------
   Fire: Shortbow          |    86 |    28 ||   114
    Use: Scroll            |       |     2 ||     2
 Armour: Leather armour    |     9 |     3 ||    12
  Dodge: Dodged            |    42 |     4 ||    46

Table legend: (Time is in decaauts)
 A = Elapsed time spent in this place.
 B = Non-inter-level travel time spent in this place.
 C = Inter-level travel time spent in this place.
 D = Time resting spent in this place.
 E = Time spent auto-exploring this place.
 F = Levels seen in this place.
 G = Mean time per level.
                   A        B        C        D        E       F      G
               +--------+--------+--------+--------+--------+-----+--------+
         Total |   1413 |   1403 |     10 |     91 |   1091 |   2 |  706.5 |
       Dungeon |   1413 |   1403 |     10 |     91 |   1091 |   2 |  706.5 |
               +--------+--------+--------+--------+--------+-----+--------+

Top non-repeatable levels by time:
     D:1: 860 daAuts
     D:2: 552 daAuts
